 Dungeon Crawl Stone Soup version 0.25.1-2-g60ff931df9 (webtiles) character file.

Game seed: 12059224096409565486

1613 selver the Archer (level 8, 0/106 HPs)
             Began as a Centaur Hunter on Oct 18, 2020.
             Succumbed to kobold's curare-tipped dart
             ... on level 7 of the Dungeon.
             The game lasted 00:24:54 (6455 turns).

selver the Archer (Centaur Hunter)                  Turns: 6455, Time: 00:24:54

Health: 0/106      AC: 24    Str: 23    XL:     8   Next: 64%
Magic:  8/8        EV:  1    Int: 10    God:
Gold:   401        SH:  0    Dex: 10    Spells: 7/7 levels left

rFire    + . .     SeeInvis .   a - +2 shortbow
rCold    + . .     Gourm    .   (shield currently unavailable)
rNeg     + + +     Faith    .   (armour currently unavailable)
rPois    +         Spirit   .   (helmet currently unavailable)
rElec    +         Reflect  .   (cloak currently unavailable)
rCorr    +         Harm     .   (gloves currently unavailable)
MR       .....     NoTele   +   (no barding)
Stlth    +.........             c - amulet of regeneration
HPRegen  0.67/turn              s - +6 ring of strength
MPRegen  0.11/turn              (no ring)

@: lethally poisoned (0 -> -2), tree-form, resistant, slowed, very slow
A: large
a: no special abilities


You were on level 7 of the Dungeon.
You were not hungry.
You were a tree.
You visited 1 branch of the dungeon, and saw 8 of its levels.

You collected 401 gold pieces.

Inventory:

Hand Weapons
 a - a +2 shortbow (weapon)
 b - a +0 short sword of venom
Missiles
 d - 92 arrows (quivered)
 h - 46 bolts
Armour
 o - a +0 plate armour (melded)
 p - a +0 helmet (melded)
 y - a +0 cloak (melded)
Jewellery
 c - an amulet of regeneration (around neck)
 s - a +6 ring of strength (left branch)
Wands
 m - a wand of acid (8)
 r - a wand of digging (3)
Scrolls
 g - a scroll of teleportation
 j - a scroll of identify
 l - 2 scrolls of random uselessness {unknown}
 n - 2 scrolls of torment {unknown}
 q - 3 scrolls of remove curse
 t - a scroll of blinking
 v - a scroll of enchant armour {unknown}
 z - a scroll of magic mapping {unknown}
 A - a scroll of fear {unknown}
Potions
 i - a potion of stabbing
 u - a potion of flight
 w - a potion of lignification
Comestibles
 f - 15 rations


   Skills:
 + Level 6.5 Fighting
 * Level 12.4 Bows
 - Level 1.3 Dodging
 - Level 0.4 Stealth


You had 7 spell levels left.
You didn't know any spells.
Your spell library contained the following spells:

 Spells                   Type           Power        Failure   Level  Hunger
 Animate Skeleton         Necr           N/A          36%         1    ##.....
 Pain                     Necr           #...         36%         1    ##.....
 Vampiric Draining        Necr           #.........   75%         3    ####...
 Animate Dead             Necr           N/A          98%         4    #####..
 Agony                    Necr           #.......     100%        5    ######.


Dungeon Overview and Level Annotations

Branches:
Dungeon (8/15)
 Temple: D:4-7         Lair: D:8-11

Altars:
Ashenzari
Dithmenos
Fedhas
Makhleb
Nemelex Xobeh
Ru
Uskayaw
Wu Jian
Yredelemnul

Shops:
D:6 [


Innate Abilities, Weirdness & Mutations

((You have hooves in place of feet.))
((Armour fits poorly on your strangely shaped body.))
((You cover ground very quickly.))
((You have extremely tough skin. (AC +3)))


Message History

It was a potion of lignification.
You turn into a tree.
Your +0 cloak melds into your body.
Your +0 helmet melds into your body.
Your +0 plate armour melds into your body.
Your roots penetrate the ground.
* * * LOW HITPOINT WARNING * * *
You feel very sick.
* * * LOW HITPOINT WARNING * * *
You feel very sick.
* * * LOW HITPOINT WARNING * * *
You feel very sick.
Okay, then.
* * * LOW HITPOINT WARNING * * *
You feel sick.
* * * LOW HITPOINT WARNING * * *
You feel sick.
* * * LOW HITPOINT WARNING * * *
You feel sick.
* * * LOW HITPOINT WARNING * * *
You feel sick.
You die...

... #.... .( #####....
####'## #### ........#
#...... #..# ........#
#...... #..# ........+
#...... #..# .......>#
#......#######..########+#...
#......(....#..(.........#...
#....(.#(.((♣..(.........#...
#......#...###..###+##..##...
#......#...###### #..###+#
#......#........#. #......#
#......#........#... #......#
#......#....#####....#+###'##
#......###### ............
.......<.... ............


There were no monsters in sight!

Vanquished Creatures
  A black bear (D:6)
  2 sky beasts
  A phantom (D:3)
  An ogre (D:5)
  A big kobold (D:7)
  Blork the orc (D:4)
  A bullfrog (D:6)
  A wyvern zombie (D:6)
  3 scorpions
  A jelly (D:5)
  A howler monkey (D:8)
  2 hounds (D:5)
  5 orc priests
  Crazy Yiuf (D:6)
  A bullfrog skeleton (D:6)
  4 orc wizards
  2 iguanas
  2 worker ants (D:4)
  A hound zombie (D:3)
  Robin (D:4)
  5 adders
  A shadow imp (D:5)
  An adder skeleton (D:4)
  A worm (D:4)
  2 dart slugs (D:1)
  A leopard gecko (D:2)
  21 orcs
  8 bats
  5 giant cockroaches
  9 hobgoblins
  9 jackals
  4 quokkas
  2 ball pythons
  3 frilled lizards (D:2)
  14 goblins
  17 kobolds
  9 rats
145 creatures vanquished.

Vanquished Creatures (others)
  A plant (D:5)
1 creature vanquished.

Grand Total: 146 creatures vanquished

Notes
Turn   | Place    | Note
-------+----------+-------------------------------------------
     0 | D:1      | selver the Centaur Hunter began the quest for the Orb.
     0 | D:1      | Reached XP level 1. HP: 17/17 MP: 1/1
   219 | D:1      | Reached XP level 2. HP: 24/24 MP: 2/2
   421 | D:1      | Reached skill level 6 in Bows
  1446 | D:2      | Reached XP level 3. HP: 30/30 MP: 3/3
  1514 | D:2      | Found a sparkling altar of Nemelex Xobeh.
  1585 | D:2      | Noticed a sky beast
  1889 | D:2      | Killed a sky beast
  1889 | D:2      | Reached skill level 7 in Bows
  1889 | D:2      | Reached XP level 4. HP: 24/38 MP: 4/4
  1889 | D:2      | Reached XP level 5. HP: 28/45 MP: 5/5
  2142 | D:3      | Noticed a phantom
  2159 | D:3      | Killed a phantom
  2159 | D:3      | Reached skill level 8 in Bows
  2343 | D:3      | Found a sacrificial altar of Ru.
  2360 | D:3      | Reached XP level 6. HP: 49/52 MP: 6/6
  3081 | D:3      | Reached skill level 9 in Bows
  3086 | D:3      | Found a basalt altar of Yredelemnul.
  3222 | D:4      | Noticed Robin
  3280 | D:4      | Killed Robin
  3355 | D:4      | Noticed Blork the orc
  3374 | D:4      | Killed Blork the orc
  3391 | D:4      | Reached XP level 7. HP: 51/60 MP: 7/7
  3890 | D:5      | Entered Level 5 of the Dungeon
  3970 | D:5      | Found a burning altar of Makhleb.
  3975 | D:5      | Reached skill level 10 in Bows
  4009 | D:5      | Found a hide-covered altar of Uskayaw.
  4059 | D:5      | Reached skill level 5 in Fighting
  4084 | D:5      | Found a blossoming altar of Fedhas.
  4084 | D:5      | Found an ornate altar of the Wu Jian Council.
  4090 | D:5      | Found a shadowy altar of Dithmenos.
  4276 | D:5      | You fall into a shaft and drop 3 floors!
  4667 | D:6      | Found a shattered altar of Ashenzari.
  4766 | D:6      | Reached skill level 11 in Bows
  4925 | D:6      | Reached XP level 8. HP: 69/69 MP: 8/8
  5679 | D:6      | Found Kublinta's Antique Armour Boutique.
  5818 | D:6      | Reached skill level 12 in Bows
  6036 | D:6      | Found a runed translucent door.
  6037 | D:6      | Noticed Crazy Yiuf
  6060 | D:6      | Killed Crazy Yiuf
  6450 | D:7      | HP: 4/106 [poisoned by kobold (curare-tipped dart)]
  6453 | D:7      | HP: 1/106 [poisoned by kobold (curare-tipped dart)]
  6455 | D:7      | Succumbed to kobold's curare-tipped dart

Illustrated notes

Levels and vault maps discovered:
D:1:      onia_arrival_pentagram, layout_basic, minmay_misc_feat_cross
D:2:      layout_rooms, nemelex_xobeh_ov_fountains_minmay,
          minmay_misc_feat_five, minmay_misc_feat_rugged
D:3:      layout_loops_ring, marbit_many_paths, corexii_hall_statues_u,
          nicolae_ru_great_annihilating_truth
D:4:      layout_rooms, first_ration, uniq_blork_the_orc, uniq_robin
D:5:      layout_gridville, eat_drink_and_be_merry_uskayaw,
          makhleb_heckhound_becter, gammafunk_temple_overflow_forgotten
D:6:      layout_basic, evilmike_ruin_ashenzari, nicolae_overflow_hidden_temple,
          serial_shops, shop, uniq_crazy_yiuf_cottage
D:7:      layout_gridville, minmay_temple_entry_glassed_door, uniq_menkaure
D:8:      layout_loops_corners

Skill      XL: |  1  2  3  4  5  6  7  8 |
---------------+-------------------------+-----
Bows           | 6 7 8 9 11 12 | 12.4
Fighting       | 3 4 5 6 |  6.5
Dodging        | |  1.3
Stealth        | |  0.4

Action                   |  1- 3 |  4- 6 |  7- 9 || total
-------------------------+-------+-------+-------++-------
Melee: Short sword       |    99 |    63 |    58 ||   220
       Kick              |    19 |    14 |    12 ||    45
       Shortbow          |       |       |     1 ||     1
 Fire: Shortbow          |    30 |    86 |   144 ||   260
  Use: Potion            |     1 |       |     7 ||     8
       Scroll            |     2 |     4 |     5 ||    11
  Eat: Chunk             |     2 |     4 |     7 ||    13
Armor: Leather armour    |    14 |       |       ||    14
       Ring mail         |    37 |    36 |     9 ||    82
       Plate armour      |       |       |    75 ||    75
Dodge: Dodged            |    44 |    32 |    26 ||   102
